MAA
NORTONVILLE CHEROKEES @ VILLA RIDGE BRONCHOS
08/15/2018
 
TOP OF THE 1ST
Nortonville Cherokees batting - Pitching for Villa Ridge Bronchos : LHP Artie Taylor
Pitching: LHP Artie Taylor
Batting: RHB Armando González 0-0: Fly out, F9 (Flyball, 89M)
Batting: RHB Edén Mont 0-0: Foul Ball, location: 2F
0-1: Fly out, F8 (Flyball, 89S)
Batting: RHB José Correa 0-0: Ball
1-0: Ball
2-0: Foul Ball, location: 2F
2-1: Called Strike
2-2: Ball
3-2: Foul Ball, location: 2F
3-2: Base on Balls
Batting: RHB Bob MacGruder 0-0: Ball
1-0: Ball
2-0: Called Strike
2-1: Foul Ball, location: 2F
2-2: Fly out, F8 (Flyball, 8RM)
Top of the 1st over - 0 run(s), 0 hit(s), 0 error(s), 1 left on base; Nortonville 0 - Villa Ridge 0
BOTTOM OF THE 1ST
Villa Ridge Bronchos batting - Pitching for Nortonville Cherokees : LHP Homer O'Lannigan
Pitching: LHP Homer O'Lannigan
Batting: RHB Steve Duncan 0-0: Called Strike
0-1: Swinging Strike
0-2: Ball
1-2: Ball
2-2: Ball
3-2: Strikes out swinging
Batting: SHB Felipe González 0-0: Ball
1-0: Ball
2-0: Called Strike
2-1: Ball
3-1: Base on Balls
Batting: RHB Lindsay Stewart 0-0: Ball
1-0: Swinging Strike
1-1: Ball
2-1: Ball
3-1: Grounds into double play, 4-6-3 (Groundball, 4)
Bottom of the 1st over - 0 run(s), 0 hit(s), 0 error(s), 0 left on base; Nortonville 0 - Villa Ridge 0
TOP OF THE 2ND
Nortonville Cherokees batting - Pitching for Villa Ridge Bronchos : LHP Artie Taylor
Batting: RHB Lane Hancock 0-0: Ball
1-0: Ball
2-0: Swinging Strike
2-1: Ball
3-1: Base on Balls
Batting: RHB Ron Schneider 0-0: Called Strike
0-1: Called Strike
0-2: Ball
1-2: Strikes out swinging
Batting: RHB Ernest Lee 0-0: Swinging Strike
0-1: Foul Ball, location: 2F
0-2: Ball
1-2: Foul Ball, location: 2F
1-2: Fly out, F7 (Flyball, 7LM)
Batting: RHB David Smith 0-0: Called Strike
0-1: Foul Ball, location: 2F
0-2: Ball
1-2: Strikes out looking
Top of the 2nd over - 0 run(s), 0 hit(s), 0 error(s), 1 left on base; Nortonville 0 - Villa Ridge 0
BOTTOM OF THE 2ND
Villa Ridge Bronchos batting - Pitching for Nortonville Cherokees : LHP Homer O'Lannigan
Batting: RHB Bobby Poole 0-0: Ball
1-0: Ball
2-0: Called Strike
2-1: Ball
3-1: Base on Balls
Batting: SHB Ken Osborne 0-0: Called Strike
0-1: Swinging Strike
0-2: Ball
1-2: Ball
2-2: Foul Ball, location: 2F
2-2: Strikes out swinging
Batting: LHB Ray Schneider 0-0: Called Strike
0-1: Called Strike
0-2: Fly out, F6 (Popup, 6D)
Batting: RHB Adrian Draper 0-0: Ground out 1-3 (Groundball, 13)
Bottom of the 2nd over - 0 run(s), 0 hit(s), 0 error(s), 1 left on base; Nortonville 0 - Villa Ridge 0
TOP OF THE 3RD
Nortonville Cherokees batting - Pitching for Villa Ridge Bronchos : LHP Artie Taylor
Batting: LHB Sean Booth 0-0: Swinging Strike
0-1: Ball
1-1: Called Strike
1-2: Strikes out swinging
Batting: RHB Armando González 0-0: Called Strike
0-1: Ball
1-1: Ground out 6-3 (Groundball, 6)
Batting: RHB Edén Mont 0-0: Ball
1-0: Foul Ball, location: 2F
1-1: Ball
2-1: Ball
3-1: Fly out, F6 (Line Drive, 6M)
Top of the 3rd over - 0 run(s), 0 hit(s), 0 error(s), 0 left on base; Nortonville 0 - Villa Ridge 0
BOTTOM OF THE 3RD
Villa Ridge Bronchos batting - Pitching for Nortonville Cherokees : LHP Homer O'Lannigan
Batting: RHB Salvador Martínez 0-0: Foul Ball, location: 2F
0-1: Called Strike
0-2: Strikes out looking
Batting: RHB Jim Unknown 0-0: Fly out, F8 (Flyball, 8RM)
Batting: RHB Steve Duncan 0-0: Ball
1-0: Called Strike
1-1: Foul Ball, location: 2F
1-2: Strikes out swinging
Bottom of the 3rd over - 0 run(s), 0 hit(s), 0 error(s), 0 left on base; Nortonville 0 - Villa Ridge 0
TOP OF THE 4TH
Nortonville Cherokees batting - Pitching for Villa Ridge Bronchos : LHP Artie Taylor
Batting: RHB José Correa 0-0: Ball
1-0: Fly out, F5 (Popup, 5SF)
Batting: RHB Bob MacGruder 0-0: Swinging Strike
0-1: Ball
1-1: Ball
2-1: Swinging Strike
2-2: Foul Ball, location: 2F
2-2: Foul Ball, location: 2F
2-2: Ball
3-2: Fly out, F8 (Flyball, 8RD)
Batting: RHB Lane Hancock 0-0: Ball
1-0: Ground out 6-3 (Groundball, 6)
Top of the 4th over - 0 run(s), 0 hit(s), 0 error(s), 0 left on base; Nortonville 0 - Villa Ridge 0
BOTTOM OF THE 4TH
Villa Ridge Bronchos batting - Pitching for Nortonville Cherokees : LHP Homer O'Lannigan
Batting: SHB Felipe González 0-0: Called Strike
0-1: Ball
1-1: Fly out, F8 (Flyball, 8RD)
Batting: RHB Lindsay Stewart 0-0: Called Strike
0-1: Ground out 1-3 (Groundball, 15)
Batting: RHB Bobby Poole 0-0: Called Strike
0-1: Foul Ball, location: 2F
0-2: Ball
1-2: Reached on error, E6 (Groundball, 6M)
Batting: SHB Ken Osborne 0-0: Ball
1-0: Ball
2-0: Foul Ball, location: 2F
2-1: Foul Ball, location: 2F
2-2: Ball
3-2: Base on Balls
Bobby Poole to second
Batting: LHB Ray Schneider 0-0: Ball
1-0: Fly out, F8 (Flyball, 8RXD)
Bottom of the 4th over - 0 run(s), 0 hit(s), 1 error(s), 2 left on base; Nortonville 0 - Villa Ridge 0
TOP OF THE 5TH
Nortonville Cherokees batting - Pitching for Villa Ridge Bronchos : LHP Artie Taylor
Batting: RHB Ron Schneider 0-0: Fly out, F9 (Flyball, 89M)
Batting: RHB Ernest Lee 0-0: Swinging Strike
0-1: Ball
1-1: SOLO HOME RUN (Flyball, 7D), Distance : 359 ft
Pitching: RHP Joe Lynn
Batting: RHB David Smith 0-0: Fly out, F5 (Line Drive, 5L)
Batting: LHB Sean Booth 0-0: Ball
1-0: Ball
2-0: Ball
3-0: Called Strike
3-1: Base on Balls
Batting: RHB Armando González 0-0: Ball
1-0: Ground out 5-3 (Groundball, 56S)
Top of the 5th over - 1 run(s), 1 hit(s), 0 error(s), 1 left on base; Nortonville 1 - Villa Ridge 0
BOTTOM OF THE 5TH
Villa Ridge Bronchos batting - Pitching for Nortonville Cherokees : LHP Homer O'Lannigan
Batting: RHB Adrian Draper 0-0: Ball
1-0: Ball
2-0: Called Strike
2-1: Ball
3-1: Foul Ball, location: 2F
3-2: Foul Ball, location: 2F
3-2: Base on Balls
Batting: RHB Salvador Martínez 0-0: Sac Bunt - play at first, batter OUT! 1-3
Adrian Draper to second
Batting: RHB Jim Unknown 0-0: Called Strike
0-1: Fly out, F5 (Popup, 5SF)
Batting: RHB Steve Duncan 0-0: Fly out, F9 (Flyball, 9M)
Bottom of the 5th over - 0 run(s), 0 hit(s), 0 error(s), 1 left on base; Nortonville 1 - Villa Ridge 0
TOP OF THE 6TH
Nortonville Cherokees batting - Pitching for Villa Ridge Bronchos : RHP Joe Lynn
Batting: RHB Edén Mont 0-0: Ball
1-0: Called Strike
1-1: Ball
2-1: Ball
3-1: Base on Balls
Batting: RHB José Correa 0-0: Called Strike
0-1: Foul Ball, location: 2F
0-2: Strikes out swinging
Batting: RHB Bob MacGruder 0-0: Ball
1-0: Swinging Strike
1-1: Called Strike
1-2: Strikes out swinging
Batting: RHB Lane Hancock 0-0: Ball
1-0: Ball
2-0: Ball
3-0: Called Strike
3-1: Called Strike
3-2: Ground out 6-3 (Groundball, 6)
Top of the 6th over - 0 run(s), 0 hit(s), 0 error(s), 1 left on base; Nortonville 1 - Villa Ridge 0
BOTTOM OF THE 6TH
Villa Ridge Bronchos batting - Pitching for Nortonville Cherokees : LHP Homer O'Lannigan
Batting: SHB Felipe González 0-0: SINGLE (Flyball, 8RS)
Batting: RHB Lindsay Stewart 0-0: Ball
1-0: Fly out, F8 (Line Drive, 8LM)
Batting: RHB Bobby Poole 0-0: Called Strike
0-1: SINGLE (Line Drive, 34)
Felipe González to second
Batting: SHB Ken Osborne 0-0: Fly out, F9 (Flyball, 9M)
Batting: LHB Ray Schneider 0-0: Ground out U3 (Groundball, 3)
Bottom of the 6th over - 0 run(s), 2 hit(s), 0 error(s), 2 left on base; Nortonville 1 - Villa Ridge 0
TOP OF THE 7TH
Nortonville Cherokees batting - Pitching for Villa Ridge Bronchos : RHP Joe Lynn
Batting: RHB Ron Schneider 0-0: SOLO HOME RUN (Flyball, 7D), Distance : 364 ft
Batting: RHB Ernest Lee 0-0: Ball
1-0: Called Strike
1-1: Reached on error, E6 (Groundball, 6M)
Batting: RHB David Smith 0-0: Ground out U3 (Groundball, 3S)
Ernest Lee to second
Pitching: LHP Robert Byrd
Batting: LHB Sean Booth 0-0: Ball
1-0: Ball
2-0: Foul Ball, location: 2F
2-1: Ball
Passed Ball!
Ernest Lee to third
3-1: SINGLE (Line Drive, 89S)
Ernest Lee scores
Pitching: LHP Greg Kelly
Batting: RHB Armando González 0-0: Called Strike
0-1: Ball
1-1: Fielders Choice at 2nd, 3-6 (Groundball, 34)
Batting: RHB Edén Mont 0-0: Foul Ball, location: 2F
0-1: Ball
1-1: Ground out 4-3 (Groundball, 34)
Top of the 7th over - 2 run(s), 2 hit(s), 1 error(s), 1 left on base; Nortonville 3 - Villa Ridge 0
BOTTOM OF THE 7TH
Villa Ridge Bronchos batting - Pitching for Nortonville Cherokees : LHP Homer O'Lannigan
Batting: RHB Adrian Draper 0-0: Foul Ball, location: 2F
0-1: Foul Ball, location: 2F
0-2: Ball
1-2: Ball
2-2: Ball
3-2: Base on Balls
Batting: RHB Salvador Martínez 0-0: Ball
1-0: Foul Ball, location: 2F
1-1: Ball
2-1: Bunted foul
2-2: Strikes out swinging
Batting: RHB Jim Unknown 0-0: Ball
1-0: Ball
2-0: SINGLE (Groundball, 13) (infield hit)
Adrian Draper to second
Batting: RHB Steve Duncan 0-0: Called Strike
0-1: Foul Ball, location: 2F
0-2: Strikes out swinging
Batting: SHB Felipe González 0-0: Called Strike
0-1: Foul Ball, location: 2F
0-2: Ball
1-2: Foul Ball, location: 2F
1-2: DOUBLE (Line Drive, 8LM)
Adrian Draper scores
Jim Unknown to third
Batting: RHB Lindsay Stewart 0-0: Ball
1-0: Ball
2-0: Ball
3-0: Base on Balls
Batting: RHB Bobby Poole 0-0: Ball
1-0: Ball
2-0: Ball
3-0: Called Strike
3-1: Foul Ball, location: 2F
3-2: Base on Balls
Jim Unknown scores
Felipe González to third
Lindsay Stewart to second
Pitching: RHP Patrick Edwards
Pinch Hitting: LHB Aukukero Mincarlie 0-0: Ball
1-0: Ball
2-0: Ball
3-0: Called Strike
3-1: Base on Balls
Felipe González scores
Lindsay Stewart to third
Bobby Poole to second
Pitching: LHP Bob Bell
Pinch Hitting: RHB Billy Farley 0-0: Ball
1-0: Foul Ball, location: 2F
1-1: Foul Ball, location: 2F
1-2: Ball
2-2: Ball
3-2: SINGLE (Groundball, 23) (infield hit)
Lindsay Stewart scores
Bobby Poole to third
Aukukero Mincarlie to second
Pitching: RHP Ed Day
Batting: RHB Adrian Draper 0-0: Called Strike
0-1: Ball
1-1: Fly out, F3 (Popup, 3)
Bottom of the 7th over - 4 run(s), 3 hit(s), 0 error(s), 3 left on base; Nortonville 3 - Villa Ridge 4
TOP OF THE 8TH
Nortonville Cherokees batting - Pitching for Villa Ridge Bronchos : LHP Greg Kelly
Pitching: RHP Iván García
Now at 3B: Miguel Angel González
Now in LF: Billy Farley
Batting: RHB José Correa 0-0: Fly out, F2 (Popup, 2LF)
Batting: RHB Bob MacGruder 0-0: Ball
1-0: Called Strike
1-1: Called Strike
1-2: Ball
2-2: Ground out 6-3 (Groundball, 6)
Batting: RHB Lane Hancock 0-0: Called Strike
0-1: Swinging Strike
0-2: Foul Ball, location: 2F
0-2: Ball
1-2: Foul Ball, location: 2F
1-2: Foul Ball, location: 2F
1-2: SINGLE (Line Drive, 78M)
Pinch Hitting: LHB Jim Unknown 0-0: Ball
1-0: Ball
2-0: Ball
3-0: Base on Balls
Lane Hancock to second
Batting: RHB Ernest Lee 0-0: Foul Ball, location: 2F
0-1: Called Strike
0-2: Strikes out swinging
Top of the 8th over - 0 run(s), 1 hit(s), 0 error(s), 2 left on base; Nortonville 3 - Villa Ridge 4
BOTTOM OF THE 8TH
Villa Ridge Bronchos batting - Pitching for Nortonville Cherokees : RHP Ed Day
Now in RF: Jim Unknown
Batting: RHB Salvador Martínez 0-0: Called Strike
0-1: SOLO HOME RUN (Flyball, 7D), Distance : 378 ft
Batting: RHB Jim Unknown 0-0: Foul Ball, location: 2F
0-1: Ball
1-1: DOUBLE (Popup, 34D)
Batting: RHB Steve Duncan 0-0: Ball
1-0: Foul Ball, location: 2F
1-1: Ball
2-1: Ground out 6-3 (Groundball, 6M)
Jim Unknown to third
Batting: SHB Felipe González 0-0: Fly out, F2 (Popup, 2RF)
Pitching: RHP Luis De La Hoya
Batting: RHB Lindsay Stewart 0-0: Fly out, F3 (Popup, 3SF)
Bottom of the 8th over - 1 run(s), 2 hit(s), 0 error(s), 1 left on base; Nortonville 3 - Villa Ridge 5
TOP OF THE 9TH
Nortonville Cherokees batting - Pitching for Villa Ridge Bronchos : RHP Iván García
Pitching: RHP Pat McCormick
Batting: RHB David Smith 0-0: Ball
1-0: Ball
2-0: SINGLE (Line Drive, 6M)
Pinch Hitting: SHB Chris Cordell 0-0: 2-RUN HOME RUN (Flyball, 9D), Distance : 364 ft
Pitching: LHP Doug Evans
Pinch Hitting: RHB Cristián Cruz 0-0: Called Strike
0-1: Ball
1-1: Foul Ball, location: 2F
1-2: Ball
2-2: Foul Ball, location: 2F
2-2: Foul Ball, location: 2F
2-2: Foul Ball, location: 2F
2-2: Foul Ball, location: 2F
2-2: Ball
3-2: Foul Ball, location: 2F
3-2: Ground out 1-3 (Groundball, 13)
Pinch Hitting: RHB José Acosta 0-0: Ball
1-0: Called Strike
1-1: Fly out, F8 (Flyball, 8LD)
Batting: RHB José Correa 0-0: Called Strike
0-1: Ball
1-1: Ball
2-1: Swinging Strike
2-2: Ball
3-2: Foul Ball, location: 2F
3-2: Ground out 6-3 (Groundball, 6)
Top of the 9th over - 2 run(s), 2 hit(s), 0 error(s), 0 left on base; Nortonville 5 - Villa Ridge 5
BOTTOM OF THE 9TH
Villa Ridge Bronchos batting - Pitching for Nortonville Cherokees : RHP Luis De La Hoya
Pitching: RHP Eduardo Capata
Now at C: Gonzalo Valentín
Now at 2B: Chris Cordell
Now in CF: John Huff
Pinch Hitting: LHB Nari Corelli 0-0: DOUBLE (Line Drive, 9LM)
Batting: RHB Miguel Angel González 0-0: Called Strike
0-1: Foul Ball, location: 2F
0-2: Ball
1-2: Ball
2-2: Foul Ball, location: 2F
2-2: Foul Ball, location: 2F
2-2: Foul Ball, location: 2F
2-2: Foul Ball, location: 2F
2-2: Ball
3-2: Fly out, F8 (Flyball, 8LM)
Batting: RHB Billy Farley 0-0: Intentional Walk
Batting: RHB Adrian Draper 0-0: Ball
1-0: Ball
2-0: Ball
3-0: Called Strike
3-1: Swinging Strike
3-2: Foul Ball, location: 2F
3-2: Fly out, F9 (Flyball, 9D)
Runner from 2nd tags up, SAFE at 3rd, no throw
Batting: RHB Salvador Martínez 0-0: Fly out, F9 (Flyball, 9M)
Bottom of the 9th over - 0 run(s), 1 hit(s), 0 error(s), 2 left on base; Nortonville 5 - Villa Ridge 5
TOP OF THE 10TH
Nortonville Cherokees batting - Pitching for Villa Ridge Bronchos : LHP Doug Evans
Now at C: Augusto Flores
Batting: RHB Bob MacGruder 0-0: Ball
1-0: Called Strike
1-1: Ball
2-1: Foul Ball, location: 2F
2-2: Ground out 5-3 (Groundball, 56S)
Batting: RHB Lane Hancock 0-0: Foul Ball, location: 2F
0-1: Ball
1-1: SINGLE (Groundball, 5D)
Pinch Hitting: RHB Santiago Rigney 0-0: Called Strike
0-1: Foul Ball, location: 2F
0-2: Foul Ball, location: 2F
0-2: Strikes out swinging
Pinch Hitting: RHB Sapto Mainaky 0-0: SINGLE (Groundball, 34)
Lane Hancock to second
Pinch Hitting: RHB Aaron Holder 0-0: Called Strike
0-1: Called Strike
0-2: Foul Ball, location: 2F
0-2: 3-RUN HOME RUN (Flyball, 7D), Distance : 379 ft
Batting: SHB Chris Cordell 0-0: Ball
1-0: Foul Ball, location: 2F
1-1: Ball
2-1: Foul Ball, location: 2F
2-2: Strikes out looking
Top of the 10th over - 3 run(s), 3 hit(s), 0 error(s), 0 left on base; Nortonville 8 - Villa Ridge 5
BOTTOM OF THE 10TH
Villa Ridge Bronchos batting - Pitching for Nortonville Cherokees : RHP Eduardo Capata
Now at 1B: Sapto Mainaky
Now in CF: Víctor López
Now in RF: Aaron Holder
Batting: RHB Jim Unknown 0-0: Foul Ball, location: 2F
0-1: Ball
1-1: SINGLE (Groundball, 3S)
Batting: RHB Steve Duncan 0-0: Called Strike
0-1: Ball
1-1: Foul Ball, location: 2F
1-2: Ball
2-2: Strikes out swinging
Batting: SHB Felipe González 0-0: Called Strike
0-1: Foul Ball, location: 2F
0-2: Ball
1-2: Ball
2-2: Strikes out swinging
Batting: RHB Lindsay Stewart 0-0: Swinging Strike
0-1: Ball
1-1: Swinging Strike
1-2: Strikes out looking
Bottom of the 10th over - 0 run(s), 1 hit(s), 0 error(s), 1 left on base; Nortonville 8 - Villa Ridge 5
This league is powered by Out of the Park Baseball, the baseball management simulation game for PC, Mac and Linux
Monday, May 4th, 2015 - OOTP Baseball 15.6 Build 34